 Dungeon Crawl Stone Soup version 0.30.1-9-gdf580d7c3d (webtiles) character file.

Game seed: 13347908970815643689

474 jagang the Slasher (level 7, 0/56 HPs)
             Began as a Barachi Monk on Oct 23, 2023.
             Was a Believer of the Shining One.
             Splashed by a jelly's acid (2 damage)
             ... on level 4 of the Dungeon on Oct 24, 2023.
             The game lasted 00:09:59 (3487 turns).

jagang the Slasher (Barachi Monk)                   Turns: 3487, Time: 00:10:00

Health: 0/56       AC: -3    Str: 12    XL:     7   Next: 10%
Magic:  7/7        EV: 14    Int: 11    God:    the Shining One [**....]
Gold:   215        SH:  0    Dex: 16    Spells: 6/6 levels left

rFire   . . .        a - +0 falchion
rCold   . . .        d - orb {light}
rNeg    + . .        j - +2 robe {Archmagi}
rPois   +            (no helmet)
rElec   .            (no cloak)
rCorr   .            (no gloves)
SInv    +            (no boots)
Will    .....        (no amulet)
Stlth   +            f - ring of see invisible
HPRegen 0.29/turn    m - ring of poison resistance
MPRegen 0.10/turn

%: archmagi
@: corroded, glowing, slow
A: amphibious, slowness 1, strong legs 1, +LOS
a: Hop, Renounce Religion, Divine Shield


You were on level 4 of the Dungeon.
You worshipped the Shining One.
The Shining One was pleased with you.
You visited 2 branches of the dungeon, and saw 6 of its levels.

You collected 215 gold pieces.

Inventory:

Hand Weapons
 a - a +0 falchion (weapon)
Missiles
 y - 9 poisoned darts (quivered)
 G - a throwing net
Armour
 d - an orb of light (worn)
 e - a +0 leather armour
 j - a +2 robe of the Archmagi (worn)
 n - a +0 ring mail
Jewellery
 f - a ring of see invisible (left hand)
 m - a ring of poison resistance (right hand)
 q - a ring of fire
Wands
 A - a wand of quicksilver (5)
Scrolls
 b - a scroll of blinking {unknown}
 h - 3 scrolls of teleportation {unknown}
 k - a scroll of vulnerability {unknown}
 o - 2 scrolls of silence {unknown}
 p - a scroll of enchant weapon {unknown}
 s - a scroll of magic mapping {unknown}
 v - 3 scrolls of identify {unknown}
 B - a scroll of fog {unknown}
 E - a scroll of amnesia {unknown}
Potions
 c - a potion of ambrosia
 g - 2 potions of mutation {unknown}
 i - 2 potions of heal wounds {unknown}
 l - a potion of flight {unknown}
 r - a potion of experience {unknown}
 t - a potion of curing {unknown}
 u - a potion of invisibility {unknown}
 w - a potion of degeneration {unknown}
 x - a potion of brilliance {unknown}
 z - a potion of cancellation {unknown}
 C - 2 potions of lignification {unknown}
 D - 2 potions of attraction {unknown}
 F - a potion of berserk rage


   Skills:
 + Level 5.3 Fighting
 * Level 6.5 Long Blades
 + Level 3.5 Armour
 + Level 4.8 Dodging


You had 6 spell levels left.
You didn't know any spells.
Your spell library contained the following spells:

 Spells                   Type           Power      Damage    Failure   Level
 Cigotuvi's Dreadful Rot  Necr/Pois/Air  0%         N/A       47%         2
 Static Discharge         Conj/Air       0%         2-2/arc   47%         2
 Sublimation of Blood     Necr           0%         N/A       47%         2
 Wereblood                Tmut           0%         N/A       47%         2
 Ignite Poison            Fire/Tmut/Pois 0%         N/A       71%         3
 Airstrike                Air            0%         2d(0-16)  98%         4
 Summon Lightning Spire   Summ/Air       0%         N/A       98%         4
 Freezing Cloud           Conj/Ice/Air   0%         6-21      100%        5
 Summon Hydra             Summ           0%         N/A       100%        7


Dungeon Overview and Level Annotations

Branches:
Dungeon (5/15)             Temple (1/1) D:4

Altars:
Ashenzari
Cheibriados
Elyvilon
Fedhas
Kikubaaqudgha
Makhleb
Okawaru
Qazlal
Ru
Sif Muna
Trog
Vehumet
Yredelemnul
Zin
The Shining One

Shops:
D:4 :


Innate Abilities, Weirdness & Mutations

You are amphibious.
You cover ground slowly.
You can hop short distances.
You have an extended range of vision and can be seen from far away.


Message History

You climb downwards.
The black bear barely misses you. The black bear closely misses you.
The black bear completely misses you. The jelly hits you.
You are splashed with acid.
There is a stone staircase leading up here.
The jelly hits you.
You are splashed with acid!
The black bear misses you.
The black bear claws you but does no damage.
The black bear closely misses you.
You climb upwards.
There is a stone staircase leading down here.
The black bear attacks as you move away!
The black bear misses you. The black bear barely misses you.
The black bear misses you.
You hit the jelly. The acid corrodes you!
Your hands burn!
The jelly is lightly wounded.
The jelly hits you.
You are splashed with acid!
You hit the jelly but do no damage.
Your hands burn!
The jelly is lightly wounded.
The jelly completely misses you.
You slash the jelly! The acid corrodes you!
Your hands burn!
* * * LOW HITPOINT WARNING * * *
The jelly is heavily wounded.
The jelly barely misses you.
You hit the jelly.
Your hands burn!
* * * LOW HITPOINT WARNING * * *
The jelly is severely wounded.
The jelly misses you.
You hit the jelly but do no damage.
Your hands burn!
* * * LOW HITPOINT WARNING * * *
The jelly is severely wounded.
The jelly barely misses you.
You hit the jelly but do no damage.
Your hands burn!
* * * LOW HITPOINT WARNING * * *
The jelly is severely wounded.
The jelly closely misses you.
You hit the jelly.
Your hands burn!
* * * LOW HITPOINT WARNING * * *
The jelly is severely wounded.
The jelly closely misses you.
You hit the jelly but do no damage.
Your hands burn!
You die...

#............#.#####
##.####.####.......#
#...###.# #.#.###.#
#...#...# #.#.# #.##
#...#.### #.#.# #...
#.....######.#.#
####
#...h......#.#.# #
#.##J#####.#.#.# #
#..#@# #.#.#.# #
###.#.# #.#.#.# #
#...#.# #.#.#.# #
#.###.# #.#.#.######
#.#
#.#####.#.#...)...
#.#
#.......#.########
#.# #########.#
#####.# #.# #...∩.#
#.#


You could see a black bear and a jelly.

Vanquished Creatures
  Sigmund (D:3)
  2 hounds
  A jelly (D:4)
  A gnoll bouda (D:4)
  An iguana (D:4)
  An orc wizard (D:4)
  4 gnolls
  2 adders
  An ufetubus (D:4)
  3 worms (D:2)
  3 dart slugs
  3 orcs (D:4)
  3 bats
  6 endoplasms
  4 giant cockroaches
  7 goblins
  5 hobgoblins
  A quokka (D:4)
  3 ball pythons
  3 frilled lizards
  6 kobolds
  A rat (D:2)
62 creatures vanquished.

Notes
Turn   | Place    | Note
-------+----------+-------------------------------------------
     0 | D:1      | jagang the Barachi Monk began the quest for the Orb.
     0 | D:1      | Reached XP level 1. HP: 18/18 MP: 1/1
    64 | D:1      | Reached XP level 2. HP: 25/25 MP: 2/2
    99 | D:1      | Reached skill level 4 in Long Blades
   379 | D:1      | Reached skill level 1 in Armour
   666 | D:2      | Found a faded altar of an unknown god.
   735 | D:2      | Reached XP level 3. HP: 29/30 MP: 3/3
  1130 | D:2      | You fall into a shaft and drop 2 floors!
  1140 | D:4      | Found a staircase to the Ecumenical Temple.
  1156 | D:4      | Reached XP level 4. HP: 22/37 MP: 4/4
  1175 | D:4      | Reached skill level 5 in Long Blades
  1325 | Temple   | Entered the Ecumenical Temple
  1435 | Temple   | Became a worshipper of the Shining One
  1435 | Temple   | Reached * piety under the Shining One
  1435 | Temple   | Reached ** piety under the Shining One
  1523 | D:3      | Found a radiant altar of Vehumet.
  1550 | D:3      | Reached XP level 5. HP: 43/43 MP: 5/5
  1871 | D:3      | Noticed Sigmund
  1882 | D:3      | Killed Sigmund
  1883 | D:3      | Reached XP level 6. HP: 39/50 MP: 6/6
  1987 | D:3      | Reached skill level 6 in Long Blades
  2111 | D:3      | Found a basalt altar of Yredelemnul.
  2130 | D:3      | Reached skill level 5 in Fighting
  2379 | D:3      | Found an iron altar of Okawaru.
  2379 | D:3      | Found a bloodstained altar of Trog.
  2657 | D:4      | Found Qaiwic's Book Shop.
  2758 | D:4      | Reached XP level 7. HP: 12/56 MP: 4/7
  3121 | D:4      | Found a stormy altar of Qazlal.
  3468 | D:5      | Entered Level 5 of the Dungeon
  3486 | D:4      | HP: 2/56 [acid (5)]
  3487 | D:4      | Splashed by a jelly's acid

Illustrated notes

Levels and vault maps discovered:
D:1:      reono_arrival_mine, layout_rooms
D:2:      layout_rooms, basic_ecumenical_altar, bh_walls_and_bars
D:3:      layout_rooms, nicolae_vehumet_radiance,
          mainiacjoe_overflow_cross_hatched, grunt_temple_overflow_bloody_war,
          lightli_corner_chamber, uniq_sigmund
D:4:      layout_basic, nicolae_qazlal_eye_of_the_storm,
          minmay_temple_entry_sparse_star, serial_shops, shop,
          nicolae_concentric_dashed_squares_wild
D:5:      layout_rooms, kennysheep_mini
Temple:   nicolae_temple_bog_church

Skill      XL: |  1  2  3  4  5  6 |
---------------+-------------------+-----
Long Blades    | 4 5 6 |  6.5
Armour         | 1 2 3 |  3.5
Fighting       | 4 5 |  5.3
Dodging        | 4 |  4.8

Action                     |  1- 3 |  4- 6 |  7- 9 || total
---------------------------+-------+-------+-------++-------
  Melee: Falchion          |   100 |   107 |    19 ||   226
  Throw: Dart              |       |     3 |       ||     3
 Invoke: Divine Shield     |       |     1 |       ||     1
  Evoke: Wand              |       |     2 |       ||     2
 Armour: Leather armour    |    11 |       |       ||    11
         Robe              |    12 |    24 |     4 ||    40
  Dodge: Dodged            |    58 |    81 |    26 ||   165
  Block: Orb               |       |     3 |       ||     3
